 Dungeon Crawl Stone Soup version 0.32-a0-799-g95e1662365 (webtiles) character file.

Game seed: 3195871140307908749

202 ezpacito the Chopper (level 5, -3/42 HPs)
             Began as a Coglin Chaos Knight on Mar 21, 2024.
             Was a Plaything of Xom.
             Slain by an ogre
             ... wielding a +0 giant club
              (22 damage)
             ... on level 4 of the Dungeon.
             The game lasted 00:02:59 (2404 turns).

ezpacito the Chopper (Coglin Chaos Knight)          Turns: 2404, Time: 00:03:00

Health: -3/42      AC: 10    Str: 14    XL:     5   Next: 80%
Magic:  6/6        EV:  6    Int: 12    God:    Xom [..*...]
Gold:   196        SH:  0    Dex: 13    Spells: 5/5 levels left

rFire   . . .        a - +0 hand axe (chaos) {Tepiltzin}
rCold   . . .        A - +0 trident {Suni}
rNeg    . . .        z - +0 chain mail
rPois   .            (no helmet)
rElec   .            (no cloak)
rCorr   .            h - +0 pair of gloves
SInv    .            (no boots)
Will    +....        (amulet unavailable) Stlth
                     (ring unavailable)
HPRegen 0.27/turn    (ring unavailable)
MPRegen 0.10/turn    (no gizmo)

%: no passive effects
@: attractive, enlightened, flying, revving
A: off-hand wielding, slow wielding, warmup strikes, no jewellery
a: Invent Gizmo, Renounce Religion


You were on level 4 of the Dungeon.
You worshipped Xom.
You were a toy of Xom.
You visited 1 branch of the dungeon, and saw 4 of its levels.

You collected 196 gold pieces.

Inventory:

Hand Weapons
 a - a +0 hand axe of chaos (weapon) {Tepiltzin}
 s - a +2 hand axe of flaming
 A - a +0 trident (offhand) {Suni}
Armour
 h - a +0 pair of gloves (worn)
 z - a +0 chain mail (worn)
Talismans
 d - a beast talisman
 o - a granite talisman
Scrolls
 b - a scroll of amnesia {unknown}
 e - 2 scrolls of revelation {unknown}
 f - 5 scrolls of poison
 g - a scroll of torment {unknown}
 i - 2 scrolls of identify
 m - a scroll of blinking {unknown}
 p - a scroll of silence {unknown}
 t - 2 scrolls of teleportation
 u - a scroll of noise {unknown}
 w - a scroll of fear {unknown}
 x - a scroll of enchant armour {unknown}
 y - a scroll of vulnerability {unknown}
Potions
 j - 2 potions of mutation
 l - a potion of heal wounds
 q - 2 potions of curing
 r - a potion of enlightenment
 v - 2 potions of brilliance


   Skills:
 * Level 3.6 Fighting
 * Level 3.7(3.9) Axes
 + Level 1.4(2.6) Polearms
 * Level 2.7 Armour
 * Level 2.2 Dodging
 + Level 1.0 Stealth
 + Level 0.9 Spellcasting


You had 5 spell levels left.
You didn't know any spells.
Your spell library contained the following spells:

 Spells                   Type           Power      Damage    Failure   Level
 Slow                     Hex            0%         N/A       99%         1
 Lesser Beckoning         Tloc           0%         N/A       100%        2
 Confusing Touch          Hex            0%         N/A       100%        3
 Gell's Gravitas          Tloc           0%         N/A       100%        3
 Teleport Other           Tloc           0%         N/A       100%        3
 Vampiric Draining        Necr           0%         2d6       100%        3


Dungeon Overview and Level Annotations

Branches:
Dungeon (4/15)
 Temple: D:4-7

Altars:
Ashenzari

Shops:
D:2 [   D:4 =

Annotations:
D:4 2 transporters


Innate Abilities, Weirdness & Mutations

You can wield a second weapon in your off-hand.
It takes a long time for you to wield or remove held weapons.
Your first few attacks do less damage.
You cannot equip rings or amulets.


Message History

It was a potion of attraction.
You feel attractive to monsters.
Xom roars with laughter!
The kobold shouts!
The ogre hits you with a +0 giant club! The kobold is attracted toward you.
You take 13 damage, and have 29/42 hp.
MASSIVE DAMAGE!!
You hit the ogre with your +0 trident.
The ogre is moderately wounded.
You hit the ogre with your +0 hand axe of chaos.
The ogre hits you with a +0 giant club!!
Ouch! That really hurt!
* * * LOW HITPOINT WARNING * * *
A shower of butterflies erupts from you!
You take 23 damage, and have 6/42 hp.
MASSIVE DAMAGE!!
You swap places.
Hit: a) +0 hand axe (chaos) {Tepiltzin}
Press: ? - help, Dir - move target, f - ogre
Aim: an ogre, wielding a +0 giant club (heavily wounded, ally target, about 25% to evade your +0 hand axe of chaos)
You could not reach far enough!
The ogre barely misses your butterfly. Something misses your butterfly.
You feel much better.
You regained 27 hp, and now have 34/42 hp.
Okay, then.
The ogre is attracted toward you. The kobold is attracted toward you.
The ogre closely misses your butterfly. The ogre is attracted toward you.
The kobold is attracted toward you.
You swap places.
The ogre barely misses you.
You hit the ogre with your +0 hand axe of chaos.
The ogre seems to speed up.
The ogre is heavily wounded.
You hit the ogre with your +0 trident. The ogre hits you with a +0 giant club!
You take 16 damage, and have 19/42 hp.
MASSIVE DAMAGE!!
You hit the ogre with your +0 trident.
The ogre is severely wounded.
You hit the ogre but do no damage.
The ogre seems to grow stronger.
Your butterfly disappears in a puff of smoke!
The ogre hits you with a +0 giant club!!
Ouch! That really hurt!
You die...
Xom chuckles heartily!

#....#.#...####
#..........# #..#
....#># #.. .......# #.
......## #K# #.#
#.#####################
#...KO@.ยง..............
#######################


You could see an ogre (fast, strong) and a kobold.

Vanquished Creatures
  A hound (D:3)
  An orc priest (D:4)
  An orc wizard (D:3)
  2 adders (D:2)
  A gnoll (D:1)
  3 dart slugs
  11 orcs
  2 ball pythons
  6 bats
  7 endoplasms
  2 giant cockroaches
  6 goblins
  6 hobgoblins
  3 jackals (D:1)
  6 kobolds
  3 quokkas
  2 frilled lizards (D:1)
  5 rats
68 creatures vanquished.

Notes
Turn   | Place    | Note
-------+----------+-------------------------------------------
     0 | D:1      | ezpacito the Coglin Chaos Knight began the quest for the
                  | Orb.
     0 | D:1      | Reached XP level 1. HP: 18/18 MP: 1/1
    84 | D:1      | Reached skill level 1 in Dodging
   137 | D:1      | Reached XP level 2. HP: 24/24 MP: 2/2
   530 | D:1      | Reached XP level 3. HP: 29/29 MP: 3/3
   762 | D:2      | Found Koafet's Antique Armour Boutique.
   816 | D:2      | Reached XP level 4. HP: 28/35 MP: 4/4
   972 | D:2      | Found a faded altar of an unknown god.
  1045 | D:2      | XOM: divination: detect creatures
  1186 | D:3      | Reached skill level 1 in Polearms
  1301 | D:3      | Reached XP level 5. HP: 41/41 MP: 6/6
  1331 | D:3      | XOM: enchant monster (bad)
  1386 | D:3      | XOM: 3-stop teleportation journey
  1395 | D:3      | Reached skill level 1 in Stealth
  1541 | D:3      | XOM: noise
  2022 | D:4      | Found a transporter.
  2022 | D:4      | Found Wophe's Jewellery Shoppe.
  2082 | D:4      | Found a broken altar of Ashenzari.
  2118 | D:4      | Noticed an ogre
  2126 | D:4      | XOM: noise
  2177 | D:4      | Found a transporter.
  2393 | D:4      | XOM: butterfly on damage
  2404 | D:4      | Slain by an ogre

Illustrated notes

Levels and vault maps discovered:
D:1:      psy_arrival_heroes, layout_loops_ring
D:2:      layout_rooms, serial_shops, nicolae_shop_hallway_stairs,
          shapermc_ecumenical_altar_venn
D:3:      layout_basic
D:4:      layout_basic, cheibrodos_ashenzari_chains, serial_shops,
          nicolae_shop_drivethru, st_stairs_2

Skill      XL: |  1  2  3  4  5 |
---------------+----------------+-----
Dodging        | 1 2 |  2.2
Armour         | 2 |  2.7
Polearms       | 1 |  1.4
Stealth        | 1 |  1.0
Fighting       | |  3.6
Axes           | |  3.7
Spellcasting   | |  0.9

Action                     |  1- 3 |  4- 6 || total
---------------------------+-------+-------++-------
  Melee: Hand axe          |    44 |    64 ||   108
         Dagger            |    31 |       ||    31
         Spear             |    19 |    56 ||    75
         Trident           |       |    26 ||    26
    Use: Scroll            |       |     7 ||     7
         Potion            |       |     3 ||     3
   Stab: Distracted        |     1 |       ||     1
         Sleeping          |     1 |       ||     1
         Paralysed         |     2 |       ||     2
         Petrifying        |     1 |       ||     1
         Confused          |       |     1 ||     1
 Armour: Scale mail        |    36 |    41 ||    77
         Chain mail        |       |    11 ||    11
  Dodge: Dodged            |    19 |    17 ||    36

Table legend: (Time is in decaauts)
 A = Elapsed time spent in this place.
 B = Non-inter-level travel time spent in this place.
 C = Inter-level travel time spent in this place.
 D = Time resting spent in this place.
 E = Time spent auto-exploring this place.
 F = Levels seen in this place.
 G = Mean time per level.
                   A        B        C        D        E       F      G
               +--------+--------+--------+--------+--------+-----+--------+
         Total |   2414 |   2193 |    221 |     40 |   1693 |   4 |  603.5 |
       Dungeon |   2414 |   2193 |    221 |     40 |   1693 |   4 |  603.5 |
               +--------+--------+--------+--------+--------+-----+--------+

Top non-repeatable levels by time:
     D:3: 740 daAuts
     D:1: 709 daAuts
     D:4: 514 daAuts
     D:2: 450 daAuts
